 Dungeon Crawl Stone Soup version 0.27-a0-1196-g3e9cee4cb2 (webtiles) character file.

Game seed: 13838811647357811312

12182 bobarctor the Eclecticist (level 11, 0/59 HPs)
             Began as a Deep Elf Necromancer on May 26, 2021.
             Was a Believer of Kikubaaqudgha.
             Succumbed to a cane toad's poison
             ... on level 1 of the Lair of Beasts on May 28, 2021.
             The game lasted 01:17:01 (16957 turns).

bobarctor the Eclecticist (Deep Elf Necromancer)   Turns: 16957, Time: 01:17:03

Health: 0/59       AC: 13    Str:  5    XL:     11   Next: 59%
Magic:  20/32      EV: 14    Int: 30    God:    Kikubaaqudgha [**....]
Gold:   1279       SH:  0    Dex: 19    Spells: 7/41 levels left

rFire    . . .     SeeInvis +   x - +5 quarterstaff of the Wheel {holy, +Blink Dex+4 SInv}
rCold    . . .     Faith    .   (shield currently unavailable)
rNeg     . . .     Spirit   .   M - +0 steam dragon scales
rPois    .         Reflect  .   (no helmet)
rElec    .         Harm     .   v - +1 cloak
rCorr    .         Rampage  .   h - +0 pair of gloves
Will     ++...                  Z - +0 pair of boots
Stlth    +++.......             (no amulet)
HPRegen  0.19/turn              f - +6 ring of intelligence
MPRegen  0.23/turn              u - +4 ring of protection

@: lethally poisoned (0 -> -30)
A: strong-willed 1
a: Renounce Religion, Evoke Blink, Receive Corpses


You were on level 1 of the Lair of Beasts.
You worshipped Kikubaaqudgha.
Kikubaaqudgha was pleased with you.
You visited 3 branches of the dungeon, and saw 12 of its levels.

You collected 1279 gold pieces.

Inventory:

Hand Weapons
 g - a +0 arbalest
 x - the +5 quarterstaff of the Wheel (weapon) {holy, +Blink Dex+4 SInv}
   (You found it on level 10 of the Dungeon)

   It has been blessed by the Shining One to cause great damage to the undead
   and demons.
   It affects your dexterity (+4).
   It lets you see invisible.
   It lets you blink.
 D - a +1 spectral quarterstaff
 J - a +4 vampiric long sword
 R - a +1 flail of protection
 U - a +0 shortbow
Missiles
 c - 259 stones
 d - 207 arrows
 s - 10 boomerangs (quivered)
 w - 83 bolts
 F - 2 throwing nets
 Q - 38 poisoned darts
Armour
 h - a +0 pair of gloves (worn)
 v - a +1 cloak (worn)
 M - +0 steam dragon scales (worn)
 Z - a +0 pair of boots (worn)
Magical Staves
 e - a staff of death
Jewellery
 b - a +6 ring of dexterity
 f - a +6 ring of intelligence (left hand)
 p - a ring of protection from cold
 u - a +4 ring of protection (right hand)
 K - a ring of protection from fire
Wands
 i - a wand of iceblast (21)
 B - a wand of flame (55)
 O - a wand of digging (5)
Scrolls
 k - 3 scrolls of teleportation
 I - 2 scrolls of fog
Potions
 a - a potion of flight {unknown}
 j - a potion of resistance
 l - a potion of attraction {unknown}
 n - 2 potions of curing
 o - a potion of lignification {unknown}
 q - 2 potions of magic
 r - 2 potions of heal wounds {unknown}
 z - 3 potions of invisibility
 E - a potion of brilliance {unknown}
 H - a potion of degeneration {unknown}
 L - a potion of berserk rage {unknown}
 X - a potion of might {unknown}


   Skills:
 * Level 2.7 Fighting
 * Level 2.5 Staves
 - Level 0.1 Throwing
 + Level 4.5 Dodging
 + Level 4.0 Stealth
 * Level 15.9 Spellcasting
 + Level 0.4 Hexes
 * Level 13.1 Necromancy
 + Level 4.4 Translocations
 * Level 3.6 Evocations


You had 7 spell levels left.
You knew the following spells:

 Your Spells              Type           Power      Damage    Failure   Level
a - Pain                  Necr           100%       1d9       0%          1
b - Animate Skeleton      Necr           100%       N/A       0%          1
c - Vampiric Draining     Necr           40%        2d11      1%          3
d - Animate Dead          Necr           40%        N/A       1%          4
e - Agony                 Necr           80%        N/A       1%          5
f - Gell's Gravitas       Tloc           25%        N/A       1%          3
g - Magic Dart            Conj           96%        1d7       1%          1
h - Ensorcelled Hibernat  Hex/Ice        50%        N/A       2%          2
i - Dazzling Flash        Conj/Hex       50%        N/A       5%          3
j - Sublimation of Blood  Necr           40%        N/A       0%          2
k - Inner Flame           Hex/Fire       25%        N/A       5%          3
l - Searing Ray           Conj           48%        3d5       2%          2
m - Cause Fear            Hex            13%        N/A       16%         4

Your spell library contained the following spells:

 Spells                   Type           Power      Damage    Failure   Level
 Corona                   Hex            28%        N/A       1%          1
 Portal Projectile        Hex/Tloc       76%        N/A       1%          3
 Slow                     Hex            26%        N/A       2%          2
 Confusing Touch          Hex            26%        N/A       4%          3
 Tukima's Dance           Hex            26%        N/A       4%          3
 Frozen Ramparts          Ice            46%        1d6       6%          3
 Iskenderun's Mystic Bla  Conj/Tloc      37%        2d9       8%          4
 Fulminant Prism          Conj/Hex       12%        3d9       17%         4
 Leda's Liquefaction      Hex/Erth       12%        N/A       17%         4
 Ice Form                 Ice/Tmut       23%        N/A       19%         4
 Petrify                  Tmut/Erth      23%        N/A       19%         4
 Summon Ice Beast         Ice/Summ       23%        N/A       19%         4
 Metabolic Englaciation   Hex/Ice        12%        N/A       43%         5
 Silence                  Hex/Air        12%        N/A       43%         5
 Yara's Violent Unravell  Hex/Tmut       12%        3d7       43%         5
 Freezing Cloud           Conj/Ice/Air   11%        6-21      96%         6
 Discord                  Hex            13%        N/A       100%        8


Dungeon Overview and Level Annotations

Branches:
Dungeon (10/15)            Temple (1/1) D:5            Lair (1/6) D:10
    Orc: D:9-12

Altars:
Ashenzari
Cheibriados
Dithmenos
Elyvilon
Fedhas
Gozag
Hepliaklqana
Kikubaaqudgha
Makhleb
Nemelex Xobeh
Okawaru
Qazlal
Ru
Sif Muna
Trog
Uskayaw
Vehumet
Wu Jian
Xom
Yredelemnul
Zin
The Shining One
Beogh

Portals:
Trove: D:10 (give 3 potions of resistance)

Annotations:
D:3 3 runed translucent doors, Cheivey's ghost, amateur DsBe


Innate Abilities, Weirdness & Mutations

You are strong-willed. (Will+)


Message History

Aim: a cane toad (moderately wounded, chance to affect: 84%)
The cane toad writhes in agony.
Casting: Pain (safe; 0% risk of failure)
Confirm with . or Enter, or press ? or * to list all spells.
Aiming: Pain (safe; 0% risk of failure)
Press: ? - help, Shift-Dir - straight line, f/p - cane toad
Aim: a cane toad (moderately wounded, chance to affect: 84%)
The cane toad writhes in agony.
The cane toad stings you!
You are poisoned.
The cane toad poisons you!
Casting: Pain (safe; 0% risk of failure)
Confirm with . or Enter, or press ? or * to list all spells.
Aiming: Vampiric Draining (safe; 1% risk of failure)
Press: ? - help, Shift-Dir - straight line, f/p - cane toad
Aim: a cane toad (heavily wounded)
You draw life force from the cane toad!
You feel life coursing into your body.
You feel very sick. The cane toad stings you!!
Casting: Vampiric Draining (safe; 1% risk of failure)
Confirm with . or Enter, or press ? or * to list all spells.
Aiming: Vampiric Draining (safe; 1% risk of failure)
Press: ? - help, Shift-Dir - straight line, f/p - cane toad
Aim: a cane toad (severely wounded)
You draw life force from the cane toad!
You feel life coursing into your body.
You feel very sick. The cane toad stings you!
* * * LOW HITPOINT WARNING * * *
You are more poisoned.
The cane toad poisons you!
Casting: Vampiric Draining (safe; 1% risk of failure)
Confirm with . or Enter, or press ? or * to list all spells.
Aiming: Vampiric Draining (safe; 1% risk of failure)
Press: ? - help, Shift-Dir - straight line, f/p - cane toad
Aim: a cane toad (almost dead)
You draw life force from the cane toad!
You kill the cane toad!
Kikubaaqudgha accepts your kill.
You feel life coursing into your body.
You die...
Kikubaaqudgha rasps: "You have failed me!
Welcome... death!"

#.............#
##..###########
##...# #.#..#
#..)##
###.##.########
.?##.....).......#
.............../.#
..$#...........@.#
.. #...........†.#
#.###.##.)#.### ##
######..# #..##
#..# ..## .## ..


There were no monsters in sight!

Vanquished Creatures
  A hydra (Lair:1)
  4 two-headed ogres
  Maggie (D:8)
  A komodo dragon (D:10)
  2 cane toads (Lair:1)
  Prince Ribbit (D:8)
  A hornet (D:8)
  12 yaks
  3 wyverns
  A steam dragon (D:8)
  An acid dragon (D:9)
  5 water moccasins
  A sky beast (D:6)
  7 ice beasts
  3 orc warriors
  3 black bears
  2 necrophages
  2 ogres
  3 wolves
  3 centaurs
  A phantom (D:6)
  7 bullfrogs
  A gnoll sergeant (D:8)
  4 scorpions
  A water moccasin skeleton (D:4)
  10 killer bees
  4 wights (D:9)
  5 howler monkeys
  2 electric eels (D:9)
  3 centaur zombies
  2 jellies
  A centaur skeleton (D:4)
  2 orc priests
  2 gnoll shamans
  3 hounds
  Natasha (D:2)
  An iguana (D:5)
  6 orc wizards
  A hound skeleton (D:5)
  12 gnolls
  6 adders
  A river rat (D:6)
  2 shadow imps (D:6)
  A white imp (D:6)
  2 ufetubi
  2 worms
  3 dart slugs
  18 orcs
  3 ball pythons
  5 endoplasms
  4 giant cockroaches
  12 goblins
  4 hobgoblins
  4 jackals
  3 quokkas
  5 bats
  2 frilled lizards
  4 kobolds
  11 rats
218 creatures vanquished.

Vanquished Creatures (collateral kills)
  A wraith (D:8)
  2 wolves (D:10)
  2 wights (D:7)
5 creatures vanquished.

Vanquished Creatures (others)
  47 fungi
  50 plants
97 creatures vanquished.

Grand Total: 320 creatures vanquished

Notes
Turn   | Place    | Note
-------+----------+-------------------------------------------
     0 | D:1      | bobarctor the Deep Elf Necromancer began the quest for the
                  | Orb.
     0 | D:1      | Reached XP level 1. HP: 10/10 MP: 6/6
   169 | D:1      | Reached skill level 5 in Necromancy
   431 | D:1      | Reached XP level 2. HP: 13/15 MP: 5/8
   992 | D:2      | Reached skill level 4 in Spellcasting
   992 | D:2      | Reached XP level 3. HP: 16/19 MP: 6/10
  1217 | D:2      | Learned a level 1 spell: Animate Skeleton
  1221 | D:2      | Learned a level 3 spell: Vampiric Draining
  2253 | D:2      | Noticed Natasha
  2256 | D:2      | Killed Natasha
  2257 | D:2      | Reached XP level 4. HP: 21/24 MP: 7/12
  2400 | D:2      | Learned a level 4 spell: Animate Dead
  2522 | D:3      | Found a faded altar of an unknown god.
  2870 | D:3      | Found a shimmering altar of Xom.
  2871 | D:3      | Found a hazy altar of Hepliaklqana.
  2872 | D:3      | Noticed a spectral ugly thing
  3089 | D:3      | Reached skill level 5 in Spellcasting
  3324 | D:3      | Found a runed translucent gate.
  3324 | D:3      | Found a runed translucent gate.
  3325 | D:3      | Found a runed translucent gate.
  3329 | D:3      | Noticed Cheivey's ghost (amateur DsBe)
  4120 | D:4      | Reached XP level 5. HP: 20/28 MP: 7/14
  4607 | D:4      | Reached skill level 6 in Spellcasting
  4607 | D:4      | Reached XP level 6. HP: 8/32 MP: 6/17
  5240 | D:5      | Entered Level 5 of the Dungeon
  5271 | D:5      | Noticed an ice beast
  5279 | D:5      | Killed an ice beast
  5584 | D:5      | Reached skill level 7 in Spellcasting
  5731 | D:5      | Reached XP level 7. HP: 25/37 MP: 13/20
  5993 | D:5      | Learned a level 5 spell: Agony
  5997 | D:5      | Learned a level 3 spell: Gell's Gravitas
  6054 | D:5      | Reached skill level 8 in Spellcasting
  6128 | D:5      | Found a staircase to the Ecumenical Temple.
  6140 | Temple   | Entered the Ecumenical Temple
  6278 | Temple   | Became a worshipper of Kikubaaqudgha
  6534 | D:6      | Identified 2 scrolls of acquirement
  6534 | D:6      | Acquired the Almanac of the Snowflakes
  6536 | D:6      | Acquired 582 gold pieces
  6707 | D:6      | Noticed a yak
  6714 | D:6      | Killed a yak
  6715 | D:6      | Reached skill level 9 in Spellcasting
  6715 | D:6      | Reached skill level 1 in Translocations
  6822 | D:6      | Reached XP level 8. HP: 42/42 MP: 13/23
  6958 | D:6      | Identified the +4 chain mail of Terror {Str+6}
  7063 | D:6      | Found an iron altar of Okawaru.
  7068 | D:6      | Found an opulent altar of Gozag.
  7070 | D:6      | Found a shimmering blue altar of Sif Muna.
  7361 | D:6      | Reached skill level 10 in Spellcasting
  7679 | D:6      | Gained mutation: You have supernaturally acute eyesight.
                  | (SInv) [potion of mutation]
  7679 | D:6      | Gained mutation: You are strong-willed. (Will+) [potion of
                  | mutation]
  7680 | D:6      | Lost mutation: You are strong-willed. (Will+) [potion of
                  | mutation]
  7680 | D:6      | Lost mutation: You have supernaturally acute eyesight.
                  | (SInv) [potion of mutation]
  7680 | D:6      | Gained mutation: You expend magic power (3 MP) to
                  | strengthen your wands. [potion of mutation]
  7680 | D:6      | Lost mutation: You expend magic power (3 MP) to strengthen
                  | your wands. [potion of mutation]
  7680 | D:6      | Gained mutation: You are strong-willed. (Will+) [potion of
                  | mutation]
  7691 | D:6      | Learned a level 1 spell: Magic Dart
  7694 | D:6      | Learned a level 2 spell: Ensorcelled Hibernation
  7698 | D:6      | Learned a level 3 spell: Dazzling Flash
  8504 | D:6      | Reached skill level 1 in Fighting
  8504 | D:6      | Reached skill level 11 in Spellcasting
  9329 | D:7      | Reached * piety under Kikubaaqudgha
  9329 | D:7      | Identified Kikubaaqudgha's Grimoire of Black Rituals
                  | (Kikubaaqudgha gifted it to you on level 7 of the Dungeon)
  9329 | D:7      | Received a gift from Kikubaaqudgha
  9330 | D:7      | Reached XP level 9. HP: 42/47 MP: 21/26
  9336 | D:7      | Learned a level 2 spell: Sublimation of Blood
  9628 | D:7      | Identified the +3 flail of Gippeala {drain, rC- Dex+5}
 10042 | D:7      | Reached skill level 10 in Necromancy
 10654 | D:8      | Upgraded the game from 0.27-a0-1193-g8631133539 to
                  | 0.27-a0-1196-g3e9cee4cb2
 10654 | D:8      | Noticed Prince Ribbit
 10683 | D:8      | Noticed Maggie
 10932 | D:8      | Reached skill level 12 in Spellcasting
 10967 | D:8      | Killed Prince Ribbit
 11416 | D:8      | Killed Maggie
 11465 | D:8      | Reached skill level 13 in Spellcasting
 11465 | D:8      | Reached XP level 10. HP: 16/52 MP: 3/29
 12234 | D:8      | Paralysed by a hornet for 2 turns
 12876 | D:9      | Reached ** piety under Kikubaaqudgha
 13163 | D:9      | Learned a level 3 spell: Inner Flame
 13751 | D:9      | Acquired a staff of death
 13754 | D:9      | Noticed a two-headed ogre
 13766 | D:9      | Killed a two-headed ogre
 13767 | D:9      | Reached skill level 14 in Spellcasting
 14309 | D:10     | Entered Level 10 of the Dungeon
 14323 | D:9      | Reached skill level 1 in Evocations
 14800 | D:10     | Identified the +5 quarterstaff of the Wheel {holy, +Blink
                  | Dex+4 SInv}
 14820 | D:10     | Noticed a +0 spear
 14821 | D:10     | Noticed a +0 falchion
 14821 | D:10     | Noticed a +0 dagger
 14821 | D:10     | Noticed a +0 short sword
 14822 | D:10     | Noticed a +0 short sword
 14822 | D:10     | Noticed a +0 falchion
 14824 | D:10     | Noticed a +0 spear
 14825 | D:10     | Noticed a +0 dagger
 14833 | D:10     | Found a hide-covered altar of Uskayaw.
 14909 | D:10     | Noticed a two-headed ogre
 14919 | D:10     | Reached skill level 1 in Staves
 14964 | D:9      | Reached skill level 15 in Spellcasting
 15129 | D:10     | Reached XP level 11. HP: 56/56 MP: 24/32
 15162 | D:10     | Noticed a two-headed ogre
 15170 | D:10     | Killed a two-headed ogre
 15304 | D:10     | Noticed a two-headed ogre
 15311 | D:10     | Killed a two-headed ogre
 15633 | D:10     | Found a staircase to the Lair.
 15921 | D:10     | Found a portal to a secret trove of treasure.
 15949 | D:10     | Killed a two-headed ogre
 16302 | D:10     | Learned a level 2 spell: Searing Ray
 16307 | D:10     | Learned a level 4 spell: Cause Fear
 16312 | Lair:1   | Entered Level 1 of the Lair of Beasts
 16326 | Lair:1   | Noticed a six-headed hydra
 16339 | Lair:1   | Killed a six-headed hydra
 16957 | Lair:1   | Succumbed to a cane toad's poison

Illustrated notes

Levels and vault maps discovered:
D:1:      lemuel_arrival_lava_pool, layout_rooms
D:2:      layout_loops_ring, uniq_natasha
D:3:      kennysheep_the_goblin_king, layout_basic,
          regret_index_temple_of_mockery, biasface_ghost_orc_armoury,
          shapermc_ecumenical_altar_gd, serial_bayou_lagoon_a,
          minmay_splitting_lines
D:4:      layout_basic
D:5:      kb_forest_paths, layout_basic, minmay_temple_entry_overgrown,
          minmay_misc_feat_nine_boxes, bh_walls_and_bars
D:6:      minmay_inner_zag, layout_loops_ring, minitemple,
          gup_sewer_entry_bubbles, minmay_starry_boxes
D:7:      layout_basic, grunt_ministairs_12
D:8:      layout_loops_corners, chequers_garden, minmay_quadrilaterals,
          uniq_maggie, uniq_prince_ribbit1
D:9:      layout_basic
D:10:     layout_cave_pools, nicolae_uskayaw_en_pointe,
          due_lair_maze_entry_diamond, nicolae_trove_entry_diagonal
Temple:   nicolae_temple_elliptical
Lair:1:   layout_roguey, uniq_grum

Skill      XL: |  1  2  3  4  5  6  7  8  9 10 11 |
---------------+----------------------------------+-----
Necromancy     | 5 6 7 8 9 11 12 13 | 13.1
Spellcasting   | 4 5 6 7 9 11 13 15 | 15.9
Stealth        | 3 4 |  4.0
Dodging        | 3 4 |  4.5
Translocations | 1 2 3 4 |  4.4
Fighting       | 1 2 |  2.7
Evocations     | 2 3 |  3.6
Staves         | 1 2 |  2.5
Throwing       | |  0.1
Hexes          | |  0.4

Action                   |  1- 3 |  4- 6 |  7- 9 | 10-12 || total
-------------------------+-------+-------+-------+-------++-------
Melee: Short sword       |     4 |     8 |    44 |    11 ||    67
       Rapier            |     2 |       |       |       ||     2
       Dagger            |       |    25 |     9 |       ||    34
       Flail             |       |       |       |    10 ||    10
       Quarterstaff      |       |       |       |    15 ||    15
       Long sword        |       |       |       |     5 ||     5
Throw: Stone             |     1 |     3 |       |       ||     4
       Boomerang         |       |       |     2 |       ||     2
 Cast: Pain              |    53 |    82 |   179 |   135 ||   449
       Animate Skeleton  |       |     4 |       |       ||     4
       Vampiric Draining |       |     7 |    55 |   111 ||   173
       Animate Dead      |       |       |     5 |     5 ||    10
       Magic Dart        |       |       |       |    27 ||    27
       Agony             |       |       |       |    10 ||    10
       Dazzling Flash    |       |       |       |     2 ||     2
       Ensorcelled Hiber |       |       |       |     1 ||     1
       Inner Flame       |       |       |       |     1 ||     1
Invok: Receive Corpses   |       |       |     2 |     4 ||     6
 Abil: Evoke Blink       |       |       |       |     1 ||     1
Evoke: Wand              |       |       |     1 |       ||     1
  Use: Potion            |       |     1 |     2 |       ||     3
       Scroll            |       |       |    12 |     7 ||    19
 Stab: Sleeping          |     1 |     2 |     2 |     1 ||     6
Armor: Robe              |     1 |    21 |    34 |       ||    56
       Steam dragon scal |       |       |       |    93 ||    93
Dodge: Dodged            |    10 |    35 |    83 |   171 ||   299
       Rpst.: Long sword |       |       |       |     4 ||     4

Table legend: (Time is in decaauts)
 A = Elapsed time spent in this place.
 B = Non-inter-level travel time spent in this place.
 C = Inter-level travel time spent in this place.
 D = Time resting spent in this place.
 E = Time spent auto-exploring this place.
 F = Levels seen in this place.
 G = Mean time per level.
                   A        B        C        D        E       F      G
               +--------+--------+--------+--------+--------+-----+--------+
         Total |  17032 |  16530 |    502 |   7906 |   6276 |  12 | 1419.3 |
       Dungeon |  16627 |  16150 |    477 |   7774 |   6145 |  10 | 1662.7 |
        Temple |    165 |    140 |     25 |      0 |    130 |   1 |  165.0 |
          Lair |    239 |    239 |      0 |    132 |      1 |   1 |  239.0 |
               +--------+--------+--------+--------+--------+-----+--------+

Top non-repeatable levels by time:
     D:6: 2495 daAuts
     D:8: 2182 daAuts
     D:9: 2036 daAuts
    D:10: 1895 daAuts
     D:7: 1643 daAuts
     D:2: 1577 daAuts
     D:3: 1466 daAuts
     D:4: 1282 daAuts
     D:5: 1122 daAuts
     D:1: 925 daAuts
  Lair:1: 239 daAuts
  Temple: 165 daAuts
